 Dungeon Crawl Stone Soup version 0.32-a0-450-g080537f31e (webtiles) character file.

Game seed: 7495325159762084315

4 Bravepunisher the Ducker (level 1, -4/11 HPs)
             Began as a Spriggan Monk on Feb 23, 2024.
             Killed from afar by an orc wizard (11 damage)
             ... with a puff of flame
             ... on level 4 of the Dungeon.
             The game lasted 00:03:05 (737 turns).

Bravepunisher the Ducker (Spriggan Monk)             Turns: 737, Time: 00:03:06

Health: -4/11      AC:  2    Str:  7    XL:     1   Next: 50%
Magic:  2/2        EV: 19    Int: 11    God:
Gold:   28         SH:  0    Dex: 17    Spells: 0/0 levels left

rFire   . . .        a - +0 short sword
rCold   . . .        (no shield)
rNeg    . . .        b - +0 robe
rPois   .            (helmet restricted)
rElec   .            (no cloak)
rCorr   .            (gloves unavailable)
SInv    +            (boots unavailable)
Will    .....        (no amulet)
Stlth   ++           (no ring)
HPRegen 0.21/turn    (no ring)
MPRegen 0.08/turn

%: no passive effects
@: very quick
A: very small, no large weapons, unfitting armour, see invisible, speed 3
a: no special abilities


You were on level 4 of the Dungeon.
You visited 1 branch of the dungeon, and saw 7 of its levels.

You collected 28 gold pieces.

Inventory:

Hand Weapons
 a - a +0 short sword (weapon)
Armour
 b - a +0 robe (worn)
Wands
 f - a wand of mindburst (20)
Scrolls
 d - a scroll of revelation {unknown}
 g - a scroll of fog {unknown}
Potions
 c - a potion of ambrosia
 e - a potion of curing {unknown}


   Skills:
 + Level 2.5 Fighting
 - Level 3.2 Short Blades
 * Level 4.3 Dodging


You couldn't memorise any spells.
You didn't know any spells.
Your spell library was empty.

Dungeon Overview and Level Annotations

Branches:
Dungeon (7/15)
 Temple: D:4-7

Altars:
Qazlal

Shops:
D:4 !((   D:5 (


Innate Abilities, Weirdness & Mutations

You are very small and have problems with some larger weapons.
You are too small for most types of armour.
You have supernaturally acute eyesight. (SInv)
You cover ground extremely quickly. (Speed+++)


Message History

Found a hand axe.
There is a stone staircase leading up here.
You climb upwards.
You hear the sound of rushing water.
There is an entrance to a sewer on this level.
Hurry and find it before the portal rusts away!
There is a stone staircase leading down here.
An adder comes into view.
The adder hisses angrily.
Found a stone staircase leading up.
The adder bites you.
You are poisoned.
The adder poisons you!
You feel sick.
A shadow imp comes into view.
You feel sick. The adder attacks as it pursues you!
The adder barely misses you.
You feel sick.
You feel sick.
There is a stone staircase leading up here.
You feel sick.
You climb upwards.
The iguana hisses angrily.
There is a stone staircase leading down here.
You feel sick.
You are no longer poisoned.
An iguana is nearby!
Found a whip.
The iguana closely misses you.
A bullfrog comes into view.
The bullfrog moves out of view.
A goblin comes into view.
It is wielding a +0 club and quivering poisoned darts.
Found Zisep's Antique Weapon Boutique.
An orc wizard and 2 orcs come into view.
The goblin shouts!
Found Saonwah's Weapon Shoppe.
The orc wizard shouts!
The orc shouts!
The orc closely misses you. The orc wizard casts a spell at you.
The puff of flame hits you!
Ouch! That really hurt!
You die...

..............#
#.................#.# #.
#..... ..##...#...### #.#
#..#.###.##..F###F......# #.#
#......#.#.l..###.......#
#.####......#.#......'.......#
...............go...∩#.......#
................o....#########
......<..>......@....#
...................o.#
..###############....... ..#
....... ..# .......
..#.#.........# .......
.K#.#.........# ....#..
.∩#S#..$......+ ....#..
w.#.#.........#


You could see a bullfrog, an iguana, an orc wizard, 2 orcs and a goblin.

Vanquished Creatures
  A ball python (D:2)
  A quokka (D:3)
  A bat (D:3)
  A frilled lizard (D:1)
4 creatures vanquished.

Notes
Turn   | Place    | Note
-------+----------+-------------------------------------------
     0 | D:1      | Bravepunisher the Spriggan Monk began the quest for the
                  | Orb.
     0 | D:1      | Reached XP level 1. HP: 11/11 MP: 2/2
   207 | D:4      | Found Miaj's Distillery.
   228 | D:5      | Entered Level 5 of the Dungeon
   259 | D:5      | Noticed a bombardier beetle
   271 | D:5      | Found Ixomism's Antique Weapon Shop.
   280 | D:5      | Noticed an iguana
   284 | D:6      | Noticed a phantom
   288 | D:6      | Noticed a sky beast
   372 | D:7      | Found a stormy altar of Qazlal.
   483 | D:7      | Noticed a hound
   506 | D:7      | Noticed a kobold brigand
   610 | D:6      | Noticed a kobold brigand
   712 | D:4      | Noticed an iguana
   726 | D:4      | Noticed a bullfrog
   730 | D:4      | Found Zisep's Antique Weapon Boutique.
   731 | D:4      | Noticed an orc wizard
   732 | D:4      | Found Saonwah's Weapon Shoppe.
   737 | D:4      | Killed from afar by an orc wizard

Illustrated notes

Levels and vault maps discovered:
D:1:      dpeg_arrival_castle, layout_loops_cross,
          hellmonk_ecumenical_altar_zigzags, nrook_loot_triangle
D:2:      layout_loops_ring, nicolae_titane, uniq_sigmund
D:3:      layout_basic, bloody_makhleb, serial_bayou_lake_a, uniq_terence
D:4:      layout_basic, mainiacjoe_overflow_six_doors_small, serial_shops, shop,
          shop, shop
D:5:      layout_loops_ring, gup_sewer_entry_pipe, serial_shops, shop
D:6:      layout_basic
D:7:      layout_loops_ring, nicolae_qazlal_eye_of_the_storm, slow_altar_2,
          minmay_temple_entry_trees

Action                     || total
---------------------------++-------
  Melee: Short sword       ||    25
 Armour: Robe              ||    11
  Dodge: Dodged            ||    61

Table legend: (Time is in decaauts)
 A = Elapsed time spent in this place.
 B = Non-inter-level travel time spent in this place.
 C = Inter-level travel time spent in this place.
 D = Time resting spent in this place.
 E = Time spent auto-exploring this place.
 F = Levels seen in this place.
 G = Mean time per level.
                   A        B        C        D        E       F      G
               +--------+--------+--------+--------+--------+-----+--------+
         Total |    496 |    496 |      0 |      0 |    211 |   7 |   70.9 |
       Dungeon |    496 |    496 |      0 |      0 |    211 |   7 |   70.9 |
               +--------+--------+--------+--------+--------+-----+--------+

Top non-repeatable levels by time:
     D:7: 124 daAuts
     D:5: 109 daAuts
     D:6: 84 daAuts
     D:1: 63 daAuts
     D:2: 57 daAuts
     D:4: 31 daAuts
     D:3: 26 daAuts
